 Dungeon Crawl Stone Soup version 0.16-a0-2040-g47efe85 (console) character file.

6638 splat the Carver (level 10, -11/77 HPs)
             Began as a Salamander Chaos Knight on Nov 10, 2014.
             Was a Plaything of Xom.
             Killed from afar by a gargoyle (18 damage)
             ... with a stone arrow
             ... on level 10 of the Dungeon.
             The game lasted 00:29:40 (11342 turns).

splat the Carver (Salamander Chaos Knight)         Turns: 11342, Time: 00:29:40

Health: -11/77     AC: 12    Str: 11 (12) XL:     10   Next: 72%
Magic:  19/25      EV: 15    Int: 11 (13) God:    Xom
Gold:   708        SH:  4    Dex: 16      Spells: 2 memorised, 17 levels left

rFire  + . .     SeeInvis +     a - +10 falchion "Etoosod" {slice, rC+}
rCold  + . .     Rnd*Rage +     b - +2 leather armour
rNeg   . . .     SustAb   .     p - +0 buckler
rPois  +         Gourm    .     (no helmet)
rElec  .         Spirit   .     v - +2 cloak {rPois}
rCorr  .         Warding  .     i - +0 pair of gloves
rMut   .         Stasis   .     (no barding)
MR     +....                    (no amulet)
Stlth  +++.......               C - ring of protection from cold
                                u - ring of see invisible

@: very slightly contaminated, slow, somewhat resistant to hostile enchantments,
fairly stealthy
A: fiery attack, stinger 1, icy blue scales 1, berserk 1, deterioration 1, fire
resistance 1, sense surroundings 1, screaming 1, slowness 1, tough skin 2, wild
magic 2, evolution 1, cold vulnerability 1
a: Renounce Religion


You were on level 10 of the Dungeon.
You worshipped Xom.
You were a plaything of Xom.
You were not hungry.

You visited 1 branch of the dungeon, and saw 10 of its levels.
You also visited: Ossuary.

You collected 708 gold pieces.

Inventory:

Hand weapons
 a - the +10 falchion "Etoosod" (weapon) {slice, rC+}
   (You found it on level 6 of the Dungeon)

   It inflicts extra damage upon your enemies.
   It protects you from cold.
 g - a +1 short sword of chaos
Armour
 b - a +2 leather armour (worn)
 i - a +0 pair of gloves (worn)
   (You found it on level 4 of the Dungeon)
 l - a troll hide
   (You found it on level 2 of the Dungeon)
 p - a +0 buckler (worn)
   (You found it on level 2 of the Dungeon)
 v - a +2 cloak of poison resistance (worn)
   (You took it off Crazy Yiuf on level 3 of the Dungeon)
Magical staves
 s - an uncursed staff of energy
   (You found it on level 9 of the Dungeon)
Jewellery
 e - a cursed ring of poison resistance
   (You found it on level 1 of the Dungeon)
 u - a ring of see invisible (left hand)
   (You found it on level 3 of the Dungeon)
 w - an uncursed ring of protection from magic {unknown}
   (You found it on level 7 of the Dungeon)
 C - a ring of protection from cold (right hand)
   (You found it on level 6 of the Dungeon)
 I - an uncursed ring of ice {unknown}
   (You found it on level 9 of the Dungeon)
 K - an uncursed ring of sustain abilities {unknown}
   (You found it on level 8 of the Dungeon)
Magical devices
 f - a wand of fire (7)
   (You found it on level 5 of the Dungeon)
 D - a wand of polymorph (3)
   (You found it on level 7 of the Dungeon)
 H - a wand of flame (27)
   (You found it on level 7 of the Dungeon)
 L - a wand of teleportation (5)
   (You found it on level 8 of the Dungeon)
Scrolls
 d - a scroll of teleportation
 m - 2 scrolls of recharging
 t - 2 scrolls of amnesia
 F - a scroll of fear
Potions
 j - a potion of magic
 n - a potion of restore abilities
 o - 3 potions of cancellation
 q - a potion of might
 z - 2 potions of brilliance
 B - 2 potions of agility
 E - a potion of lignification {unknown}
 G - a potion of curing
 M - a potion of haste
Books
 y - a book of Unlife
   (You found it on level 7 of the Dungeon)

   Spells                             Type                      Level
   Recall                             Summoning/Translocation      3
   Animate Dead                       Necromancy                   4
   Control Undead                     Necromancy                   4
   Twisted Resurrection               Necromancy                   5
   Death Channel                      Necromancy                   6
   Simulacrum                         Ice/Necromancy               6
 J - a book of Flames
   (You found it on level 8 of the Dungeon)

   Spells                             Type                      Level
   *Flame Tongue                      Conjuration/Fire             1
   Throw Flame                        Conjuration/Fire             2
   *Conjure Flame                     Conjuration/Fire             3
   Inner Flame                        Hexes/Fire                   3
   Sticky Flame                       Conjuration/Fire             4
   Fireball                           Conjuration/Fire             5
Miscellaneous
 N - an ornate deck of destruction
   (You found it on level 9 of the Dungeon)
Comestibles
 c - 13 bread rations
 h - 5 beef jerkies
 k - a slice of pizza
 r - 3 chunks of flesh
 x - a meat ration
 A - 2 royal jellies


   Skills:
 - Level 3.2 Fighting
 - Level 5.1(7.2) Short Blades
 - Level 8.4(9.2) Long Blades
 - Level 0.7 Armour
 - Level 7.0 Dodging
 - Level 5.9 Stealth
 - Level 2.2 Shields
 + Level 6.0 Spellcasting
 + Level 5.3 Conjurations
 + Level 8.0 Fire Magic
 - Level 2.3 Evocations


You had 17 spell levels left.
You knew the following spells:

 Your Spells              Type           Power        Failure   Level  Hunger
a - Flame Tongue          Conj/Fire      #####        10%         1    None
f - Conjure Flame         Conj/Fire      #####...     24%         3    ###....


Dungeon Overview and Level Annotations

Branches:
Dungeon (10/15)            Temple (0/1) D:6            Lair (0/8) D:8
    Orc: D:9-12

Altars:
Ashenzari
Elyvilon
Fedhas
Gozag
Makhleb
Ru
Trog
Xom
Yredelemnul


Innate Abilities, Weirdness & Mutations

You cannot wear boots.
Your flesh is heat resistant.
You cover ground slowly.
You have very tough skin (AC +2).
You are vulnerable to cold.
Your tail ends in a poisonous barb.
You are partially covered in icy blue scales (AC +1).
You tend to lose your temper in combat.
Your body is slowly deteriorating.
You passively map a small area around you.
You occasionally shout uncontrollably at your foes.
Your spells are harder to cast, but more powerful.
You evolve.


Message History

Xom smirks.
You feel aware of your surroundings.
Casting: Flame Tongue
Confirm with . or Enter, or press ? or * to list all spells.
Aiming: Conjure Flame
Press: ? - help, Dir - move target cursor The fire roars!
Casting: Conjure Flame
Confirm with . or Enter, or press ? or * to list all spells.
Aiming: Conjure Flame
Press: ? - help, Dir - move target cursor You miscast Conjure Flame.
Sparks fly from your hands!
The gargoyle hurls a stone arrow at you.
The stone arrow hits you!
* * * LOW HITPOINT WARNING * * *
The gargoyle hurls a stone arrow at you.
The stone arrow hits you!
You die...
Xom chortles!

, ,,,* *+*** * *, ,,,*, , ,,*
* *****, ,, *****' ,*,*** **
*, ,+ Z,, ,*,, , ,,,*,,,,~,
*,*** , , ,,*,,,,,,, ** **** *
* ,, ~,* Y,,,~, ,, ,,Y, * **
*** ,,,r,,* ##.## * **
,,,,...,*****######.......
,,,~ ,~ ,....*
#...%#9...#***** * ,,
.....######N#########
,............#
,,,............# **
+####.......# ###### *,*
#.......# ######..... *
*#.....).######....<...>. *
.....#+###)#........##.#...
***####.#....)).......<##.....
*, ,,,#.....###........#######


You could see a gargoyle.

Vanquished Creatures
  An iron golem (D:8)
  Prince Ribbit (D:7)
  A wraith (D:9)
  A spriggan (D:8)
  11 yaks
  A hill giant skeleton (D:5)
  A hippogriff (D:8)
  2 hungry ghosts
  6 orc warriors
  2 centaurs
  5 ogres
  2 phantoms
  A yellow wasp (D:8)
  4 necrophages
  A boggart (D:5)
  Sigmund (D:7)
  2 giant frogs
  A scorpion (D:10)
  A troll zombie (D:7)
  2 hounds (D:8)
  3 centaur zombies (Ossuary)
  A goliath beetle (D:7)
  A yellow wasp zombie (D:7)
  Crazy Yiuf (D:3)
  An elf zombie (D:8)
  A quasit (D:5)
  A giant frog skeleton (D:8)
  An iron imp (D:8)
  2 orc priests (D:8)
  An iguana (D:4)
  6 worker ants
  9 orc wizards
  2 ogre zombies (Ossuary)
  Terence (D:3)
  8 mummies
  13 gnolls
  7 adders
  3 shadow imps
  2 worms
  2 adder zombies (Ossuary)
  A giant gecko (D:1)
  An ooze (D:3)
  53 orcs
  2 giant cockroaches
  11 hobgoblins
  8 jackals
  16 kobolds
  6 quokkas
  2 ball pythons
  16 bats
  3 giant newts
  A giant spore (D:6)
  9 goblins
  2 goblin zombies (Ossuary)
  4 hobgoblin zombies (Ossuary)
  4 kobold zombies (Ossuary)
  2 orc skeletons
  2 orc zombies
  2 quokka skeletons
  9 quokka zombies
  18 rats
  5 rat zombies (Ossuary)
  2 ballistomycetes (D:6)
292 creatures vanquished.

Vanquished Creatures (collateral kills)
  A yak (D:9)
  A centaur (D:5)
  A yellow wasp (D:5)
  A worker ant (D:5)
  An orc wizard (D:7)
  An ufetubus (D:9)
  A giant gecko (D:5)
  6 orcs
  A jackal (D:5)
14 creatures vanquished.

Vanquished Creatures (others)
  A phantom (D:4)
  A worker ant (D:6)
  A giant spore (D:8)
3 creatures vanquished.

Grand Total: 309 creatures vanquished

Notes
Turn   | Place    | Note
--------------------------------------------------------------
     0 | D:1      | splat, the Salamander Chaos Knight, began the quest for the Orb.
     0 | D:1      | Reached XP level 1. HP: 19/19 MP: 1/1
    64 | D:1      | XOM: harmless Necr miscast
   125 | D:1      | Reached skill level 1 in Stealth
   202 | D:1      | Reached XP level 2. HP: 26/26 MP: 3/3
   456 | D:1      | XOM: silly message
   566 | D:1      | XOM: silly message
   684 | D:1      | XOM: mild Tloc miscast
   685 | D:1      | Noticed a spatial vortex
   771 | D:1      | XOM: divination: detect items
   904 | D:1      | XOM: god gift: shiny silver wand {god gift}
   906 | D:1      | thanks xom
  1016 | D:2      | Reached XP level 3. HP: 31/31 MP: 4/4
  1128 | D:2      | Found a sacrificial altar of Ru.
  1466 | D:3      | Found a blossoming altar of Fedhas.
  1490 | D:3      | Noticed Terence
  1495 | D:3      | XOM: confuse monster(s)
  1499 | D:3      | Killed Terence
  1499 | D:3      | Reached skill level 1 in Shields
  1520 | D:3      | Found a shattered altar of Ashenzari.
  1536 | D:3      | Reached XP level 4. HP: 36/38 MP: 5/5
  1724 | D:3      | XOM: god gift: bread ration
  1853 | D:3      | Noticed Crazy Yiuf
  1883 | D:3      | Killed Crazy Yiuf
  2000 | D:4      | XOM: fog
  2552 | D:4      | Reached XP level 5. HP: 45/45 MP: 7/7
  2710 | D:4      | Reached skill level 4 in Short Blades
  2781 | D:4      | Noticed a phantom
  2781 | D:4      | XOM: mild Trmt miscast
  2810 | D:4      | XOM: silly message
  2814 | D:4      | Killed a phantom
  2814 | D:4      | Reached skill level 5 in Short Blades
  2814 | D:4      | XOM: divine lightning (protected)
  2900 | D:4      | Found a bloodstained altar of Trog.
  2900 | D:4      | XOM: 5-stop teleportation journey
  2985 | D:4      | Reached XP level 6. HP: 51/51 MP: 8/8
  3109 | D:4      | XOM: confusion
  3115 | D:4      | XOM: give mutations
  3115 | D:4      | Gained mutation: Your body is slowly deteriorating. [Xom's mischief]
  3115 | D:4      | Gained mutation: You occasionally shout uncontrollably at your foes. [Xom's mischief]
  3173 | D:4      | XOM: medium Conj miscast
  3378 | D:4      | XOM: summons 3 hostile demons
  3379 | D:4      | Noticed an ice devil
  3389 | D:5      | Entered Level 5 of the Dungeon
  3623 | D:5      | XOM: medium Necr miscast
  3726 | D:5      | XOM: colour smoke trail
  3776 | D:5      | Reached skill level 5 in Stealth
  3782 | D:5      | XOM: chaos cloud
  3794 | D:5      | Paralysed by you for 5 turns
  3809 | D:5      | XOM: smoke on damage
  3838 | D:5      | XOM: summons 3 hostile demons
  3900 | D:6      | Got a warped falchion
  3901 | D:6      | Identified the +10 falchion "Etoosod" {slice, rC+} (You found it on level 6 of the Dungeon)
  3986 | D:6      | Gained mutation: Your flesh is heat resistant. [salamander growth]
  3986 | D:6      | Gained mutation: You cover ground slowly. [salamander growth]
  3986 | D:6      | Reached XP level 7. HP: 26/57 MP: 9/9
  4001 | D:6      | Found a staircase to the Ecumenical Temple.
  4108 | D:6      | Found a sand-covered staircase.
  4113 | Ossuary  | Entered an ossuary
  4147 | Ossuary  | XOM: mild Pois miscast
  4494 | Ossuary  | XOM: harmless Fire miscast
  4508 | Ossuary  | Reached skill level 5 in Long Blades
  4705 | D:6      | XOM: 9-stop teleportation journey
  4801 | D:6      | Reached skill level 6 in Long Blades
  4801 | D:6      | Reached XP level 8. HP: 63/63 MP: 11/11
  5311 | D:5      | Found a white marble altar of Elyvilon.
  5342 | D:5      | Reached skill level 7 in Long Blades
  5554 | D:5      | XOM: summons 4 hostile demons
  5555 | D:5      | Noticed a hellwing
  5555 | D:5      | Noticed a sun demon
  5849 | D:5      | XOM: smoke on damage
  5849 | D:5      | XOM: torment (33/63 hp)
  5955 | D:5      | XOM: confusion (+ monsters)
  6030 | D:5      | XOM: harmless Erth miscast
  6041 | D:5      | XOM: potion effect (haste)
  6048 | D:5      | Reached skill level 8 in Long Blades
  6259 | D:5      | XOM: give mutations
  6259 | D:5      | Gained mutation: Your vision is a little blurry. [Xom's mischief]
  6259 | D:5      | Gained mutation: You tend to lose your temper in combat. [Xom's mischief]
  6259 | D:5      | Lost mutation: Your vision is a little blurry. [Xom's mischief]
  6259 | D:5      | Gained mutation: You are clumsy. (Dex -2) [Xom's mischief]
  6429 | D:5      | XOM: medium Divn miscast
  6668 | D:4      | XOM: harmless Ice miscast
  6811 | D:7      | XOM: torment (33/63 hp)
  7036 | D:7      | XOM: give mutations
  7036 | D:7      | Gained mutation: You evolve. [Xom's grace]
  7036 | D:7      | Gained mutation: Your spells are a little harder to cast, but a little more powerful. [Xom's grace]
  7036 | D:7      | Gained mutation: Your muscles are strong. (Str +2) [Xom's grace]
  7128 | D:6      | Gained mutation: Your spells are harder to cast, but more powerful. [evolution]
  7300 | D:7      | Noticed Sigmund
  7312 | D:7      | Killed Sigmund
  7315 | D:7      | Noticed Prince Ribbit
  7316 | D:7      | XOM: confuse monster(s)
  7333 | D:7      | Reached skill level 5 in Dodging
  7333 | D:7      | Reached XP level 9. HP: 70/70 MP: 12/12
  7351 | D:7      | Killed Prince Ribbit
  7484 | D:7      | XOM: vitrification
  7909 | D:7      | XOM: noise
  7939 | D:7      | XOM is BORED!
  7939 | D:7      | XOM: summons 3 hostile shadow creatures
  8161 | D:7      | Reached skill level 1 in Evocations
  8323 | D:8      | Learned a level 1 spell: Flame Tongue
  8388 | D:8      | Reached skill level 1 in Spellcasting
  8488 | D:8      | Found a shimmering altar of Xom.
  8488 | D:8      | Found a shimmering altar of Xom.
  8489 | D:8      | Found a shimmering altar of Xom.
  8489 | D:8      | Found a shimmering altar of Xom.
  8490 | D:8      | Found a shimmering altar of Xom.
  8490 | D:8      | Found a shimmering altar of Xom.
  8491 | D:8      | Found a shimmering altar of Xom.
  8491 | D:8      | Noticed a harpy
  8491 | D:8      | Noticed a komodo dragon
  8516 | D:8      | XOM: 2-stop teleportation journey
  8559 | D:8      | XOM: summons 6 friendly demons
  8596 | D:8      | Found an opulent altar of Gozag.
  8751 | D:8      | Found a basalt altar of Yredelemnul.
  8758 | D:8      | Noticed an elephant
  8760 | D:8      | Noticed a moth of wrath
  8763 | D:8      | Noticed a manticore
  8763 | D:8      | a moth of wrath changed into a manticore
  8789 | D:8      | Gained mutation: You passively map a small area around you. [evolution]
  8921 | D:8      | Found a burning altar of Makhleb.
  8923 | D:8      | Found a staircase to the Lair.
  8939 | D:8      | Reached skill level 1 in Conjurations
  9066 | D:8      | Noticed a dire elephant
  9066 | D:8      | Noticed a minotaur
  9066 | D:8      | a giant leech changed into a minotaur
  9138 | D:9      | Noticed an iron golem
  9138 | D:9      | Noticed an iron golem
  9138 | D:9      | Noticed an iron golem
  9138 | D:9      | Noticed an iron golem
  9141 | D:9      | uh
  9585 | D:9      | XOM: cast spell 'Necromutation'
  9672 | D:9      | XOM: summons friendly shadow imp
  9681 | D:9      | Reached skill level 5 in Fire Magic
  9721 | D:9      | XOM: give mutations
  9721 | D:9      | Gained mutation: You are partially covered in icy blue scales (AC +1). [Xom's grace]
  9721 | D:9      | Lost mutation: You are clumsy. (Dex -2) [Xom's grace]
  9721 | D:9      | Gained mutation: Your tail ends in a poisonous barb. [Xom's grace]
  9932 | D:9      | Reached XP level 10. HP: 51/77 MP: 21/21
 10157 | D:9      | XOM: cast spell 'Ring of Flames'
 10172 | D:9      | XOM: confusion (+ monsters)
 10175 | D:9      | XOM: summons friendly ufetubus
 10179 | D:9      | XOM: medium Pois miscast
 10302 | D:9      | Learned a level 3 spell: Conjure Flame
 10426 | D:9      | XOM: stat loss: -1 Str (13/14)
 10427 | D:9      | XOM: blink monster(s)
 10440 | D:8      | XOM: swap monsters
 10573 | D:8      | XOM: chaos cloud
 10585 | D:8      | Killed an iron golem
 10585 | D:8      | Reached skill level 5 in Spellcasting
 10587 | D:8      | Paralysed by you for 6 turns
 10608 | D:9      | XOM: divination: detect creatures
 10610 | D:9      | XOM: summons friendly crimson imp
 10627 | D:8      | XOM: summons 1 hostile demon
 10635 | D:8      | XOM: blink monster(s)
 10766 | D:9      | XOM: give mutation
 10766 | D:9      | Lost mutation: Your muscles are strong. (Str +2) [Xom's mischief]
 11208 | D:10     | Entered Level 10 of the Dungeon
 11298 | D:10     | XOM: divination: detect creatures
 11303 | D:10     | XOM: divination: detect items
 11314 | D:10     | XOM: enchant monster (good)
 11321 | D:10     | Reached skill level 5 in Conjurations
 11326 | D:10     | XOM: noise
 11339 | D:10     | XOM: divination: magic mapping
 11342 | D:10     | Killed from afar by a gargoyle

Action                   |  1- 3 |  4- 6 |  7- 9 | 10-12 || total
-------------------------+-------+-------+-------+-------++-------
Melee: Short sword       |   143 |   236 |       |       ||   379
       Unarmed           |       |    21 |       |       ||    21
       Falchion          |       |     4 |   387 |   165 ||   556
 Cast: Flame Tongue      |       |       |     1 |     2 ||     3
       Conjure Flame     |       |       |       |     2 ||     2
Evoke: Wand              |       |     1 |     3 |       ||     4
  Use: Potion            |       |     2 |     2 |       ||     4
       Scroll            |       |     6 |    20 |     1 ||    27
 Stab: Sleeping          |     3 |     5 |    17 |       ||    25
       Paralysed         |     1 |    11 |       |     6 ||    18
       Distracted        |     1 |       |     3 |       ||     4
       Petrifying        |       |     1 |       |       ||     1
       Confused          |       |     1 |     4 |       ||     5
  Eat: Chunk             |     2 |     8 |    21 |     3 ||    34
       Fruit             |       |       |       |     2 ||     2

Action                   |  1- 3 |  4- 6 |  7- 9 | 10-12 || total
-------------------------+-------+-------+-------+-------++-------
Melee: Short sword       |   143 |   236 |       |       ||   379
       Unarmed           |       |    21 |       |       ||    21
       Falchion          |       |     4 |   387 |   165 ||   556
 Cast: Flame Tongue      |       |       |     1 |     2 ||     3
       Conjure Flame     |       |       |       |     2 ||     2
Evoke: Wand              |       |     1 |     3 |       ||     4
  Use: Potion            |       |     2 |     2 |       ||     4
       Scroll            |       |     6 |    20 |     1 ||    27
 Stab: Sleeping          |     3 |     5 |    17 |       ||    25
       Paralysed         |     1 |    11 |       |     6 ||    18
       Distracted        |     1 |       |     3 |       ||     4
       Petrifying        |       |     1 |       |       ||     1
       Confused          |       |     1 |     4 |       ||     5
  Eat: Chunk             |     2 |     8 |    21 |     3 ||    34
       Fruit             |       |       |       |     2 ||     2

Vault maps used:
D:1:      minmay_arrival_doors
D:2:      lemuel_doored_altar, first_bread, solitary_fountain
D:3:      overflow_temple_1_default, fedhas_altar_1, uniq_terence,
          uniq_crazy_yiuf_cottage
D:4:      trog_book
D:5:      kennysheep_mini_moat
D:6:      minmay_temple_entry_statues_pillars, enter_ossuary_5
D:7:      uniq_sigmund, uniq_prince_ribbit1
D:8:      lemuel_crystal_altar, nicolae_gozag_seed_capital, kennysheep_mini,
          lair_0_dummy, the_bakery, xom_shifter_show
D:9:      cheibrodos_stairvault_heist, special_room
D:10:     david_orc_3, uniq_eustachio
Ossuary:  ossuary_boxes_badplayer
